AoeStats
← Tunga

Arena

508707063Analyzed
1v1 RM · 9d ago on Sep 23, 2026· 43m 21s· 2 players
Game mode
Random Map
Map size
Tiny (2 player)
Population
200
Speed
Normal
Resources
Standard
Victory
Conquest
Starting age
Dark Age
Ending age
Imperial Age
RankedLock teamsTeams togetherTeam positionsShared explorationLock speedFull tech treeHidden civsTurbo modeCheats
Victory
Defeat
🇹🇷 Portuguese · Türkiye
703
+15
🇲🇽 Franks · Mexico
687
-15
erickalejandrozagal
2:11 Loom
10:39 Feudal Age
11:14 Double-Bit Axe
18:25 Castle Age
19:33 Wheelbarrow
26:08 Sanctity
32:06 Imperial Age
31:04 Scale Barding Armor
31:11 Forging
32:27 Ballistics
33:10 Ordonnance Companies
35:49 Cavalier
Tunga
11:31 Feudal Age
9:46 Loom
11:52 Horse Collar
12:00 Double-Bit Axe
12:58 Wheelbarrow
15:37 Town Watch
17:55 Castle Age
18:12 Padded Archer Armor
18:03 Fletching
19:12 Hand Cart
20:55 Leather Archer Armor
25:13 Circumnavigation
26:11 Heavy Plow
26:24 Bow Saw
26:00 Pikeman
30:41 Elite Skirmisher
35:25 Imperial Age
35:27 Ballistics
37:22 Chemistry
40:34 Elite Organ Gun
Connection lost

Rejoining the realm…

Still unreachable

The connection could not be restored.

Session expired

The server has moved on; the page needs a fresh start.